 Dungeon Crawl Stone Soup version 0.27-a0-1200-g94dc6ad4cf (webtiles) character file.

Game seed: 13109816823619326576

76 senseless the Conjurer (level 4, -8/33 HPs)
             Began as a Draconian Conjurer on June 1, 2021.
             Was an Initiate of the Shining One.
             Mangled by Edmund
             ... wielding a +3 dire flail of protection
              (15 damage)
             ... on level 4 of the Dungeon.
             The game lasted 00:06:33 (3042 turns).

senseless the Conjurer (Draconian Conjurer)         Turns: 3042, Time: 00:06:33

Health: -8/33      AC:  6    Str: 10    XL:     4   Next: 12%
Magic:  1/7        EV: 12    Int: 19    God:    the Shining One [......]
Gold:   118        SH:  0    Dex:  9    Spells: 4/7 levels left

rFire    . . .     SeeInvis .   b - +0 falchion (flame)
rCold    . . .     Faith    .   (no shield)
rNeg     . . .     Spirit   .   (armour unavailable)
rPois    .         Reflect  .   (helmet restricted)
rElec    .         Harm     .   (no cloak)
rCorr    .         Rampage  .   m - +0 pair of gloves
Will     .....                  (no boots)
Stlth    +.........             (no amulet)
HPRegen  0.11/turn              (no ring)
MPRegen  0.10/turn              (no ring)

@: glowing
A: AC +5, unfitting armour, cold-blooded
a: Renounce Religion


You were on level 4 of the Dungeon.
You worshipped the Shining One.
The Shining One was noncommittal.
You visited 2 branches of the dungeon, and saw 5 of its levels.

You collected 118 gold pieces.

Inventory:

Hand Weapons
 b - a +0 falchion of flaming (weapon)
Armour
 m - a +0 pair of gloves (worn)
Wands
 i - a wand of paralysis (10)
Scrolls
 c - 4 scrolls of teleportation
 j - a scroll of identify
Potions
 a - a potion of cancellation {unknown}
 d - a potion of heal wounds
 e - a potion of brilliance {unknown}
 f - a potion of haste {unknown}
 g - a potion of resistance {unknown}
 h - a potion of magic {unknown}


   Skills:
 + Level 2.0 Dodging
 + Level 2.3 Stealth
 + Level 2.2 Spellcasting
 + Level 5.2 Conjurations


You had 4 spell levels left.
You knew the following spells:

 Your Spells              Type           Power      Damage    Failure   Level
a - Magic Dart            Conj           84%        1d7       1%          1
b - Searing Ray           Conj           42%        3d4       3%          2

Your spell library contained the following spells:

 Spells                   Type           Power      Damage    Failure   Level
 Animate Skeleton         Necr           4%         N/A       17%         1
 Apportation              Tloc           4%         N/A       17%         1
 Corona                   Hex            2%         N/A       17%         1
 Pain                     Necr           8%         1d4       17%         1
 Summon Small Mammal      Summ           8%         N/A       17%         1
 Dazzling Flash           Conj/Hex       24%        N/A       17%         3
 Call Imp                 Summ           2%         N/A       26%         2
 Call Canine Familiar     Summ           2%         N/A       45%         3
 Summon Guardian Golem    Hex/Summ       2%         N/A       45%         3
 Vampiric Draining        Necr           1%         2d6       45%         3
 Fulminant Prism          Conj/Hex       6%         3d7       50%         4
 Iskenderun's Mystic Bla  Conj/Tloc      12%        2d5       50%         4
 Animate Dead             Necr           1%         N/A       86%         4
 Summon Ice Beast         Ice/Summ       2%         N/A       86%         4
 Summon Lightning Spire   Summ/Air       2%         N/A       86%         4
 Agony                    Necr           2%         N/A       99%         5


Dungeon Overview and Level Annotations

Branches:
Dungeon (4/15)             Temple (1/1) D:4

Altars:
Ashenzari
Cheibriados
Dithmenos
Elyvilon
Fedhas
Hepliaklqana
Okawaru
Qazlal
Sif Muna
Trog
Uskayaw
Vehumet
Wu Jian
Xom
Yredelemnul
The Shining One

Shops:
D:1 *

Annotations:
D:4 Edmund


Innate Abilities, Weirdness & Mutations

Your plain brown scales are hard. (AC +5)
You cannot fit into any form of body armour.
You are cold-blooded and may be slowed by cold attacks.


Message History

There is an open door here.
Edmund barely misses you.
Edmund says, "People will remember me!
They'll remember me and die!"
You can't go up here!
Casting: Magic Dart (safe; 1% risk of failure)
Confirm with . or Enter, or press ? or * to list all spells.
Aiming: Searing Ray (safe; 3% risk of failure)
Press: ? - help, Shift-Dir - straight line, f - Edmund
Aim: Edmund, wielding a +3 dire flail of protection and wearing a +0 chain mail (lightly wounded, 84% to hit)
The searing ray hits Edmund.
Edmund is lightly wounded. (Press . to maintain the ray.) Edmund hits you with a +3 dire flail of protection.
The searing ray hits Edmund!
Edmund is heavily wounded.
Edmund misses you.
The searing ray hits Edmund!
Edmund is heavily wounded.
Edmund misses you.
You riposte.
You closely miss Edmund. You tail-slap Edmund, but do no damage.
Edmund is heavily wounded.
The searing ray hits Edmund but does no damage.
Edmund is heavily wounded.
You finish channeling your searing ray.
Edmund hits you with a +3 dire flail of protection.
The magic dart hits Edmund.
Edmund is severely wounded.
Edmund barely misses you.
You riposte.
You hit Edmund. You burn Edmund. You tail-slap Edmund.
Edmund is almost dead.
You completely miss Edmund.
Edmund is almost dead.
Edmund misses you.
You riposte.
You barely miss Edmund.
Edmund is almost dead.
You barely miss Edmund. You tail-slap Edmund, but do no damage.
Edmund is almost dead.
Edmund hits you with a +3 dire flail of protection!
* * * LOW HITPOINT WARNING * * *
Edmund hits you with a +3 dire flail of protection!
You die...

# #..........#. ####......... #
#..........#.####............
###.^........#...............##
..'..........#........@..##....
###..........#...........# ...
#..........#........#### ..
##########.#........#
#.###'#.#### #.# #@#.# #.#
#@#(# #.# #.#.# #.# #.#.#
#.###.#.# #.....#.# #######


You could see Edmund.

Vanquished Creatures
  4 adders
  A dart slug (D:2)
  4 ball pythons
  A bat (D:1)
  3 giant cockroaches
  2 goblins (D:2)
  9 hobgoblins
  2 kobolds
  2 quokkas
  5 frilled lizards
  2 rats
35 creatures vanquished.

Notes
Turn   | Place    | Note
-------+----------+-------------------------------------------
     0 | D:1      | senseless the Draconian Conjurer began the quest for the
                  | Orb.
     0 | D:1      | Reached XP level 1. HP: 14/14 MP: 3/3
   150 | D:1      | Found Kakyemm's Assorted Antiques.
   241 | D:1      | Found a faded altar of an unknown god.
   601 | D:1      | Reached XP level 2. HP: 20/20 MP: 3/5
   604 | D:1      | Learned a level 2 spell: Searing Ray
  1273 | D:2      | Reached XP level 3. HP: 26/26 MP: 0/6
  1914 | D:3      | Reached skill level 5 in Conjurations
  2347 | D:3      | Reached XP level 4. HP: 33/33 MP: 4/7
  2697 | D:4      | Found a staircase to the Ecumenical Temple.
  2708 | Temple   | Entered the Ecumenical Temple
  2850 | Temple   | Became a worshipper of the Shining One
  2926 | D:4      | Noticed Edmund
  3042 | D:4      | Mangled by Edmund

Illustrated notes

Levels and vault maps discovered:
D:1:      dpeg_arrival_radiant, layout_rooms,
          shapermc_ecumenical_altar_flowoftime, serial_shops,
          nicolae_shop_crystal, minmay_misc_feat_roman
D:2:      layout_loops_ring
D:3:      layout_rooms
D:4:      layout_basic, zin_treasury, minmay_temple_entry_antechambers,
          uniq_edmund, uniq_sigmund
Temple:   lightli_temple_of_artemis

Skill      XL: |  1  2  3  4 |
---------------+-------------+-----
Stealth        | 2 |  2.3
Conjurations   | 5 |  5.2
Dodging        | 2 |  2.0
Spellcasting   | |  2.2

Action                   |  1- 3 |  4- 6 || total
-------------------------+-------+-------++-------
Melee: Falchion          |    22 |     5 ||    27
       Tailslap          |     1 |     3 ||     4
 Cast: Magic Dart        |    67 |     8 ||    75
       Searing Ray       |       |     2 ||     2
  Use: Scroll            |     5 |     3 ||     8
       Potion            |       |     1 ||     1
Armor: Skin              |     6 |       ||     6
Dodge: Dodged            |    23 |    13 ||    36
       Rpst.: Falchion   |     8 |     4 ||    12

Table legend: (Time is in decaauts)
 A = Elapsed time spent in this place.
 B = Non-inter-level travel time spent in this place.
 C = Inter-level travel time spent in this place.
 D = Time resting spent in this place.
 E = Time spent auto-exploring this place.
 F = Levels seen in this place.
 G = Mean time per level.
                   A        B        C        D        E       F      G
               +--------+--------+--------+--------+--------+-----+--------+
         Total |   3049 |   2999 |     50 |    102 |   2548 |   5 |  609.8 |
       Dungeon |   2890 |   2853 |     37 |    102 |   2441 |   4 |  722.5 |
        Temple |    159 |    146 |     13 |      0 |    107 |   1 |  159.0 |
               +--------+--------+--------+--------+--------+-----+--------+

Top non-repeatable levels by time:
     D:2: 1022 daAuts
     D:1: 882 daAuts
     D:3: 783 daAuts
     D:4: 202 daAuts
  Temple: 159 daAuts
